 Dungeon Sprint DCSS version 0.29.1-12-g30fa7ad0bf (webtiles) character file.

Game seed: 4643818632895400006

8420 Groucho the Geomancer (level 11, 0/47 HPs)
             Began as a Spriggan Earth Elementalist on Jan 2, 2023.
             Was the Champion of Vehumet.
             Slain by a spriggan defender
             ... wielding a +0 hand axe
              (16 damage)
             ... in the Dungeon (Sprint III: "The Ten Rune Challenge").
             The game lasted 00:16:22 (4957 turns).

Groucho the Geomancer (Spriggan Earth Elementalist) Turns: 4957, Time: 00:16:23

Health: 0/47       AC:  4    Str:  4    XL:     11   Next: 9%
Magic:  7/29       EV: 27    Int: 20    God:    Vehumet [******]
Gold:   24         SH:  0    Dex: 17    Spells: 23/36 levels left

rFire   + . .      SeeInvis +   o - +0 dagger
rCold   . . .      Faith    .   (no shield)
rNeg    . . .      Spirit   .   i - +2 robe {rF+}
rPois   .          Reflect  .   (helmet restricted)
rElec   .          Harm     .   (no cloak)
rCorr   .          Rampage  .   (gloves unavailable)
Will    +....      NoTele   +   (boots unavailable)
Stlth   ++........              (no amulet)
HPRegen 0.15/turn               (no ring)
MPRegen 0.21/turn               (no ring)

@: very quick
A: very small, no large weapons, unfitting armour, see invisible, speed 3
a: Renounce Religion


You were in the Dungeon.
You worshipped Vehumet.
Vehumet was exalted by your worship.
You visited 1 branch You collected 24 gold pieces.

Inventory:

Hand Weapons
 o - a +0 dagger (weapon)
Armour
 i - a +2 robe of fire resistance (worn)
Wands
 h - a wand of flame (28)
 p - a wand of paralysis (10)
Scrolls
 g - a scroll of blinking
 j - a scroll of torment {unknown}
 k - a scroll of magic mapping {unknown}
 l - a scroll of immolation {unknown}
 m - 2 scrolls of identify
Potions
 a - 3 potions of mutation {unknown}
 b - 2 potions of magic
 c - a potion of curing
 d - 4 potions of heal wounds
 e - 2 potions of haste
 f - a potion of berserk rage
 n - a potion of ambrosia {unknown}


   Skills:
 + Level 13.9 Dodging
 - Level 3.0 Stealth
 + Level 13.1 Spellcasting
 * Level 11.2 Conjurations
 - Level 7.0 Transmutations
 * Level 6.9 Ice Magic
 * Level 14.1 Earth Magic


You had 23 spell levels left.
You knew the following spells:

 Your Spells              Type           Power      Damage    Failure   Level
a - Sandblast             Erth           100%       2d20      0%          1
b - Stone Arrow           Conj/Erth      100%       3d13      1%          3
c - Ensorcelled Hibernat  Hex/Ice        54%        N/A       1%          2
d - Petrify               Tmut/Erth      53%        N/A       1%          4
e - Frozen Ramparts       Ice            80%        1d13      1%          3

Your spell library contained the following spells:

 Spells                   Type           Power      Damage    Failure   Level
 Iron Shot                Conj/Erth      29%        9d6       1%          6
 Passwall                 Tmut/Erth      44%        N/A       1%          2
 Swiftness                Air            13%        N/A       16%         3


Dungeon Overview and Level Annotations

Branches:
Dungeon (1/1)

Altars:
Cheibriados
Dithmenos
Elyvilon
Fedhas
Gozag
Hepliaklqana
Kikubaaqudgha
Makhleb
Nemelex Xobeh
Okawaru
Qazlal
Ru
Sif Muna
Trog
Uskayaw
Vehumet
Wu Jian
Xom
Yredelemnul
Zin
The Shining One
Jiyva
Lugonu


Innate Abilities, Weirdness & Mutations

You are very small and have problems with some larger weapons.
You are too small for most types of armour.
You have supernaturally acute eyesight. (SInv)
You cover ground extremely quickly. (Speed+++)


Message History

A spriggan defender comes into view. It is wielding a +0 dagger.
A spriggan defender is nearby!
A spriggan defender is nearby!
A spriggan defender is nearby!
You start resting.
A spriggan defender comes into view. It is wielding a +0 hand axe.
The spriggan defender shouts!
Casting: Stone Arrow (safe; 1% risk of failure)
Confirm with . or Enter, or press ? or * to list all spells.
Aiming: Stone Arrow (safe; 1% risk of failure)
Press: ? - help, Shift-Dir - straight line, f - spriggan defender
Aim: a spriggan defender, wielding a +0 hand axe (45% to hit)
The stone arrow hits the spriggan defender!!
The spriggan defender is heavily wounded.
Casting: Stone Arrow (safe; 1% risk of failure)
Confirm with . or Enter, or press ? or * to list all spells.
Aiming: Stone Arrow (safe; 1% risk of failure)
Press: ? - help, Shift-Dir - straight line, f/p - spriggan defender
Aim: a spriggan defender, wielding a +0 hand axe (heavily wounded, 45% to hit)
The stone arrow hits the spriggan defender!
The spriggan defender is severely wounded.
Casting: Stone Arrow (safe; 1% risk of failure)
Confirm with . or Enter, or press ? or * to list all spells.
Aiming: Stone Arrow (safe; 1% risk of failure)
Press: ? - help, Shift-Dir - straight line, f/p - spriggan defender
Aim: a spriggan defender, wielding a +0 hand axe (severely wounded, 45% to hit)
The stone arrow misses the spriggan defender.
The spriggan defender completely misses you.
The spriggan defender hits you with a +0 hand axe!!
Casting: Stone Arrow (safe; 1% risk of failure)
Confirm with . or Enter, or press ? or * to list all spells.
You don't know that spell.
Casting: Stone Arrow (safe; 1% risk of failure)
Confirm with . or Enter, or press ? or * to list all spells.
Aiming: Stone Arrow (safe; 1% risk of failure)
Press: ? - help, Shift-Dir - straight line, f/p - spriggan defender
Aim: a spriggan defender, wielding a +0 hand axe (severely wounded, 45% to hit)
The stone arrow misses the spriggan defender.
The spriggan defender hits you with a +0 hand axe!
You die...

.#..#..##..'^....^^#...~~~~#
▓▓▓▓▓▓▓▓▓▓▓#.^.^..^#.......#
.....~~~...#)^...^.#.......#
≈≈≈≈≈≈≈♣♣P.')......#.......#
♣♣♣♣♣♣♣♣♣PP#^......#########
♣♣♣##'######## #...).≈≈≈≈#
#...#.§≈≈≈# #...#@#§§§#
#####i#)≈§§# #.....# #§≈≈§
#.....# c≈≈≈ #.....# #≈≈
#.....# c§ #'##### #.. #.##


You could see a spriggan defender.

Vanquished Creatures
  Sigmund (D)
  Erolcha (D)
  A yaktaur captain (D)
  A deep elf pyromancer (D)
  Edmund (D)
  3 wandering mushrooms (D)
  A queen bee (D)
  A spriggan defender (D)
  A shadow (D)
  2 redbacks (D)
  A spatial vortex (D)
  5 two-headed ogres (D)
  A necrophage (D)
  A water elemental (D)
  32 killer bees (D)
  A jelly (D)
  2 orc priests (D)
  A wizard (D)
  Jessica (D)
  A necromancer (D)
  A kobold demonologist (D)
  3 humans (D)
  A wolf (D)
  An endoplasm (D)
  2 rats (D)
67 creatures vanquished.

Vanquished Creatures (others)
  16 plants (D)
16 creatures vanquished.

Grand Total: 83 creatures vanquished

Notes
Turn   | Place    | Note
-------+----------+-------------------------------------------
     0 | D        | Groucho the Spriggan Earth Elementalist began the quest for
                  | the Orb.
     0 | D        | Reached XP level 1. HP: 9/9 MP: 5/5
    37 | D        | Reached skill level 3 in Earth Magic
   150 | D        | Noticed Jessica
   151 | D        | Killed Jessica
   152 | D        | Reached skill level 4 in Earth Magic
   152 | D        | Reached XP level 2. HP: 13/13 MP: 5/8
   154 | D        | Reached XP level 3. HP: 16/16 MP: 4/9
   695 | D        | Learned a level 3 spell: Stone Arrow
   708 | D        | Reached skill level 5 in Dodging
   708 | D        | Reached skill level 5 in Earth Magic
   743 | D        | Noticed a water elemental
   790 | D        | Killed a water elemental
   791 | D        | Reached skill level 5 in Spellcasting
   791 | D        | Reached skill level 5 in Transmutations
   791 | D        | Reached XP level 4. HP: 21/21 MP: 4/12
  1000 | D        | Found a radiant altar of Vehumet.
  1002 | D        | Found a shimmering blue altar of Sif Muna.
  1002 | D        | Noticed a wizard
  1004 | D        | Killed a wizard
  1005 | D        | Reached skill level 6 in Earth Magic
  1005 | D        | Reached XP level 5. HP: 24/24 MP: 12/14
  1011 | D        | Found an ancient bone altar of Kikubaaqudgha.
  1020 | D        | Learned a level 2 spell: Ensorcelled Hibernation
  1066 | D        | Became a worshipper of Vehumet
  1078 | D        | Found a hide-covered altar of Uskayaw.
  1078 | D        | Found an iron altar of Okawaru.
  1080 | D        | Found a bloodstained altar of Trog.
  1081 | D        | Found an ornate altar of the Wu Jian Council.
  1081 | D        | Noticed a human
  1082 | D        | Noticed a human
  1105 | D        | Killed a human
  1106 | D        | Reached skill level 7 in Earth Magic
  1106 | D        | Reached XP level 6. HP: 28/28 MP: 10/16
  1146 | D        | Killed a human
  1323 | D        | Found a glowing silver altar of Zin.
  1326 | D        | Found a glowing golden altar of the Shining One.
  1326 | D        | Found a white marble altar of Elyvilon.
  1326 | D        | Noticed a deep elf pyromancer
  1336 | D        | Noticed a fire elemental
  1337 | D        | Noticed a fire elemental
  1337 | D        | Noticed a fire elemental
  1337 | D        | Killed a deep elf pyromancer
  1337 | D        | Reached * piety under Vehumet
  1337 | D        | Offered knowledge of Magic Dart by Vehumet.
  1338 | D        | Reached skill level 9 in Earth Magic
  1338 | D        | Reached XP level 7. HP: 32/32 MP: 14/20
  1524 | D        | Found a shadowy altar of Dithmenos.
  1834 | D        | Found a basalt altar of Yredelemnul.
  1834 | D        | Found a sacrificial altar of Ru.
  1845 | D        | Noticed a shadow
  1849 | D        | Killed a shadow
  1849 | D        | Reached ** piety under Vehumet
  1849 | D        | Offered knowledge of Shock by Vehumet.
  1850 | D        | Reached XP level 8. HP: 36/36 MP: 20/22
  1996 | D        | Found a blossoming altar of Fedhas.
  1996 | D        | Found a stormy altar of Qazlal.
  1996 | D        | Found a snail-covered altar of Cheibriados.
  1996 | D        | Found a burning altar of Makhleb.
  1996 | D        | Found a shimmering altar of Xom.
  1997 | D        | Found a hazy altar of Hepliaklqana.
  1997 | D        | Found an opulent altar of Gozag.
  1997 | D        | Found a sparkling altar of Nemelex Xobeh.
  1997 | D        | Found a corrupted altar of Lugonu.
  1997 | D        | Found a viscous altar of Jiyva.
  2002 | D        | Reached skill level 10 in Earth Magic
  2010 | D        | Learned a level 4 spell: Petrify
  2031 | D        | Offered knowledge of Scorch by Vehumet.
  2032 | D        | Reached skill level 10 in Dodging
  2037 | D        | Reached *** piety under Vehumet
  2099 | D        | Reached skill level 10 in Spellcasting
  2296 | D        | Noticed a two-headed ogre
  2312 | D        | Killed a two-headed ogre
  2312 | D        | Offered knowledge of Dazzling Flash by Vehumet.
  2531 | D        | Noticed Erolcha
  2532 | D        | Noticed a two-headed ogre
  2535 | D        | Killed Erolcha
  2536 | D        | Reached skill level 11 in Earth Magic
  2536 | D        | Reached XP level 9. HP: 26/39 MP: 13/24
  2540 | D        | Killed a two-headed ogre
  2861 | D        | Reached **** piety under Vehumet
  2861 | D        | Offered knowledge of Frozen Ramparts by Vehumet.
  3035 | D        | Reached skill level 12 in Earth Magic
  3044 | D        | Learned a level 3 spell: Frozen Ramparts
  3047 | D        | Noticed a wandering mushroom
  3053 | D        | Killed a wandering mushroom
  3054 | D        | Reached skill level 1 in Ice Magic
  3245 | D        | Noticed a wandering mushroom
  3247 | D        | Noticed a wandering mushroom
  3251 | D        | Killed a wandering mushroom
  3256 | D        | Killed a wandering mushroom
  3256 | D        | Reached ***** piety under Vehumet
  3256 | D        | Offered knowledge of Freezing Cloud by Vehumet.
  3454 | D        | Noticed Sigmund
  3454 | D        | Noticed Edmund
  3469 | D        | Killed Sigmund
  3470 | D        | Reached skill level 10 in Conjurations
  3470 | D        | Reached skill level 5 in Ice Magic
  3470 | D        | Reached skill level 13 in Earth Magic
  3470 | D        | Reached XP level 10. HP: 44/44 MP: 4/27
  3779 | D        | Killed Edmund
  4059 | D        | Offered knowledge of Ozocubu's Refrigeration by Vehumet.
  4065 | D        | Reached ****** piety under Vehumet
  4417 | D        | Offered knowledge of Iron Shot by Vehumet.
  4638 | D        | Noticed a yaktaur captain
  4639 | D        | Noticed a yaktaur captain
  4642 | D        | Killed a yaktaur captain
  4643 | D        | Reached skill level 14 in Earth Magic
  4643 | D        | Reached XP level 11. HP: 13/47 MP: 19/29
  4957 | D        | Slain by a spriggan defender

Illustrated notes

Levels and vault maps discovered:
D:        dungeon_sprint_mu [sprint_mu_entry_forest, sprint_mu_temple_rooms,
          sprint_mu_d1_spiders, sprint_mu_d2_genie, sprint_mu_d3_branching,
          sprint_mu_orc_legion, sprint_mu_elf_gauntlet, sprint_mu_hive_nellie,
          sprint_mu_lair_fedhas, sprint_mu_vaults_butterflies,
          sprint_mu_slime_circle, sprint_mu_swamp_cave, sprint_mu_snake_twists,
          sprint_mu_blade_basic, sprint_mu_crypt_lich, sprint_mu_tomb_spiral,
          sprint_mu_vestibule_basic, sprint_mu_gehenna_hellfire,
          sprint_mu_dis_giant, sprint_mu_tartarus_statrot,
          sprint_mu_cocytus_islands, sprint_mu_zot1]

Skill      XL: |  1  2  3  4  5  6  7  8  9 10 |
---------------+-------------------------------+-----
Dodging        | 4 5 6 7 9 11 13 | 13.9
Spellcasting   | 4 5 6 9 10 12 13 | 13.1
Transmutations | 3 5 6 7 |  7.0
Earth Magic    | 4 5 6 7 9 11 13 14 | 14.1
Conjurations   | 2 4 6 8 10 11 | 11.2
Ice Magic      | 5 6 |  6.9
Stealth        | |  3.0

Action                   |  1- 3 |  4- 6 |  7- 9 | 10-12 || total
-------------------------+-------+-------+-------+-------++-------
Melee: Dagger            |       |     1 |     1 |       ||     2
 Cast: Sandblast         |    24 |    20 |    12 |       ||    56
       Stone Arrow       |       |       |    42 |    46 ||    88
       Frozen Ramparts   |       |       |       |     2 ||     2
  Use: Potion            |       |       |     1 |     1 ||     2
 Stab: Sleeping          |       |     1 |     1 |       ||     2
Armor: Robe              |       |     1 |       |     2 ||     3
Dodge: Dodged            |     8 |     4 |    18 |    67 ||    97
